Map: Blackpink LE

Players

meowmeowcute - Winner!

  • Race: Zerg Zerg
  • Spawn Location: 7:00

A.I. 1 (Very Easy)

  • Race: Terran Terran
  • Spawn Location: 1:00

VOD

Have the link to the VOD?

Description

Time

  • Played on: Dec. 22, 2017, 2:58 p.m.
  • Length: 15:02
Show
View Real Time Build Order
Export as new Build Order

meowmeowcute Zerg - Winner!

Build Orders: Pool First 

Get SALT Encoding   

  12  0:10  Drone x2  
  14  0:17  Overlord  
  14  0:41  Drone  
  15  0:43  Drone x2  
  15  0:49  Extractor  
  16  1:00  Drone  
  17  1:14  Drone  
  18  1:31  Spawning Pool  
  17  1:35  Drone  
  17  1:36  Drone  
  17  1:37  Evolution Chamber  
  18  1:41  Extractor  
  17  1:50  Drone x2  
  19  2:00  Pneumatized Carapace  
  19  2:03  Drone  
  20  2:33  Roach Warren  
  19  2:43  Queen  
  21  2:44  Baneling Nest  
  21  2:46  Overlord  
  21  2:47  Overlord x2  
  20  3:14  Drone x2  
  20  3:19  Lair  
  22  3:24  Drone  
  23  3:38  Roach  
  25  3:45  Drone  
  26  4:08  Evolution Chamber  
  26  4:37  Infestation Pit  
  25  4:50  Roach  
  25  4:51  Roach x2  
  31  5:04  Drone  
  32  5:17  Zerg Ground Armor Level 1  
  32  5:25  Roach x4  
  40  5:35  Hatchery  
  40  5:40  Spire  
  40  5:42  Drone  
  39  6:08  Roach  
  39  6:09  Roach x2  
  45  6:36  Overlord  
  45  6:37  Overlord x2  
  45  6:58  Corruptor  
  56  7:32  Drone x3  
  56  7:35  Queen  
  61  7:40  Zerg Missile Weapons Level 1  
  61  7:47  Glial Reconstitution  
  61  8:34  Mutalisk x3  
  67  8:46  Drone x3  
  70  9:03  Extractor  
  70  9:06  Extractor  
  70  9:08  Drone x2  
  68  9:22  Burrow  
  68  9:24  Mutalisk x2  
  72  9:34  Zerg Melee Weapons Level 1  
  72  9:35  Drone x3  
  75  10:07  Drone  
  75  10:11  Overlord x2  
  76  10:25  Overlord x2  
  76  10:43  Neural Parasite  
  76  11:01  Drone  
  77  11:23  Zerg Flyer Armor Level 1  
  77  11:25  Hive  
  77  11:28  Zerg Ground Armor Level 2  
  77  11:31  Corruptor  
  77  11:32  Corruptor x2  
  83  11:50  Overseer  
  83  11:51  Overseer x2  
  83  11:52  Overseer  
  83  12:02  Pathogen Glands  
Show
View Real Time Build Order
Export as new Build Order

A.I. 1 (Very Easy) Terran 

Build Orders:  

Get SALT Encoding   

  12  0:00  SCV  
  13  0:13  SCV  
  14  0:19  Supply Depot  
  14  0:37  Refinery  
  14  0:43  Barracks  
  14  1:05  Supply Depot  
  14  1:12  Refinery  
  14  1:29  SCV  
  14  1:30  Marine  
  16  1:41  SCV  
  17  1:53  SCV  
  18  2:02  Marine  
  18  2:06  SCV  
  20  2:18  SCV  
  21  2:30  SCV  
  21  2:34  Marine  
  23  2:42  Orbital Command  
  23  5:47  SCV  
  23  5:48  Marine  
  25  5:50  Supply Depot  
  25  5:52  Factory  
  25  6:11  SCV  
  25  6:14  Supply Depot  
  26  6:19  Barracks Tech Lab  
  26  6:24  SCV  
  27  6:36  SCV  
  28  6:41  Marauder, Starport  
  27  6:48  SCV  
  28  6:54  Command Center  
  28  7:11  Marine  
  29  7:16  Starport Tech Lab  
  29  7:34  Raven  
  31  7:42  Marine  
  32  7:53  Supply Depot  
  31  8:11  Hellion  
  32  8:17  Raven  
  34  8:39  Marauder  
  36  9:08  Viking  
  27  9:39  Marine  
  23  10:07  Viking  
  21  10:36  Hellion  
  21  10:40  Medivac, SCV  
  22  10:52  SCV  
  22  11:04  SCV  
  22  11:10  Medivac  
  24  11:16  Hellion, SCV  
  23  11:28  SCV  
  23  11:39  Raven  
  22  11:40  SCV  
  22  11:44  Marauder  
  26  11:52  SCV  
  24  12:04  SCV  
  18  12:16  SCV  
  18  12:22  Raven  
  12  12:28  SCV  
Tags
 
Matchup
TvZ
Opening
Pool First
Spawn Locations
Cross Positions
Add a new tag
Caveats
  • Supply blocks, unpowered buildings, or Contaminate may cause inaccurate times.
  • Supply counts are checked every 10 seconds.